 Dungeon Crawl Stone Soup version 0.26.1-11-gd32895ea62 (webtiles) character file.

Game seed: 8320903964608838308

4809 Zeld the Thrower (level 10, 0/97 HPs)
             Began as an Octopode Fighter on May 10, 2021.
             Was a Priest of Okawaru.
             Succumbed to a killer bee's poison
             ... on level 8 of the Dungeon.
             The game lasted 00:16:40 (13681 turns).

Zeld the Thrower (Octopode Fighter)                Turns: 13681, Time: 00:16:40

Health: 0/97       AC: 25    Str: 20    XL:     10   Next: 48%
Magic:  10/10      EV:  2    Int: 10    God:    Okawaru [***...]
Gold:   525        SH: 11    Dex: 17    Spells: 9/9 levels left

rFire    + . .     SeeInvis .   a - +0 war axe
rCold    . . .     Faith    .   b - +1 kite shield
rNeg     + + +     Spirit   .   (helmet currently unavailable)
rPois    +         Reflect  .   (no amulet)
rElec    .         Harm     .   n - +6 ring of dexterity
rCorr    .         Rampage  .   f - ring of protection from fire
Will     .....     NoTele   +   (no ring)
Stlth    ++........             (no ring)
HPRegen  0.26/turn              (no ring)
MPRegen  0.12/turn              (no ring)
                                (no ring)
                                (no ring)

@: lethally poisoned (0 -> -12), tree-form
A: almost no armour, stealthy swim, (amphibious), 8 rings, (constrict 8)
a: Renounce Religion, Heroism


You were on level 8 of the Dungeon.
You worshipped Okawaru.
Okawaru was most pleased with you.
You were a tree.
You visited 2 branches of the dungeon, and saw 10 of its levels.
You also visited: Ossuary.

You collected 525 gold pieces.

Inventory:

Hand Weapons
 a - a +0 war axe (weapon)
Missiles
 i - 6 javelins
 k - 70 poisoned darts (quivered)
 m - 10 boomerangs
Armour
 b - a +1 kite shield (worn)
 g - a +2 hat of see invisible (melded)
Jewellery
 f - a ring of protection from fire (right branch)
 n - a +6 ring of dexterity (left branch)
Wands
 s - a wand of polymorph (5)
 y - a wand of random effects (15)
 C - a wand of paralysis (6)
Scrolls
 h - 14 scrolls of remove curse
 j - 2 scrolls of enchant weapon {unknown}
 u - 3 scrolls of magic mapping
 v - a scroll of immolation {unknown}
 A - a scroll of silence {unknown}
 B - a scroll of amnesia {unknown}
 D - a scroll of noise {unknown}
 E - a scroll of teleportation
Potions
 c - 4 potions of haste
 l - 4 potions of flight
 o - 2 potions of brilliance {unknown}
 p - a potion of degeneration {unknown}
 q - 2 potions of lignification
 r - 2 potions of magic
 t - a potion of mutation {unknown}
 w - a potion of berserk rage {unknown}
 x - 4 potions of curing {unknown}
 z - a potion of cancellation {unknown}


   Skills:
 - Level 4.9 Fighting
 - Level 4.3 Axes
 * Level 12.9 Throwing
 - Level 3.0 Dodging
 - Level 5.0 Shields


You had 9 spell levels left.
You didn't know any spells.
Your spell library contained the following spells:

 Spells                   Type           Power        Failure   Level
 Animate Skeleton         Necr           0%           80%         1
 Apportation              Tloc           0%           80%         1
 Beastly Appendage        Tmut           0%           80%         1
 Corona                   Hex            0%           80%         1
 Magic Dart               Conj           0%           80%         1
 Summon Small Mammal      Summ           0%           80%         1
 Blink                    Tloc           N/A          91%         2
 Call Imp                 Summ           0%           91%         2
 Ensorcelled Hibernation  Hex/Ice        0%           91%         2
 Slow                     Hex            0%           91%         2
 Wereblood                Tmut           0%           91%         2
 Confusing Touch          Hex            0%           99%         3
 Conjure Flame            Conj/Fire      0%           99%         3
 Dazzling Flash           Conj/Hex       0%           99%         3
 Mephitic Cloud           Conj/Pois/Air  0%           99%         3
 Spider Form              Tmut/Pois      0%           99%         3
 Tukima's Dance           Hex            0%           99%         3
 Ice Form                 Ice/Tmut       0%           100%        4
 Blade Hands              Tmut           0%           100%        5
 Bolt of Magma            Conj/Fire/Erth 0%           100%        5
 Irradiate                Conj/Tmut      0%           100%        5
 Eringya's Noxious Bog    Tmut/Pois      0%           100%        6


Dungeon Overview and Level Annotations

Branches:
Dungeon (9/15)             Temple (1/1) D:5         Ossuary (visited)
   Lair: D:8-11         Orc: D:9-12

Altars:
Ashenzari
Cheibriados
Dithmenos
Elyvilon
Fedhas
Gozag
Hepliaklqana
Kikubaaqudgha
Makhleb
Nemelex Xobeh
Okawaru
Qazlal
Ru
Sif Muna
Trog
Uskayaw
Vehumet
Wu Jian
Xom
Yredelemnul
Zin
The Shining One

Shops:
D:8 [

Annotations:
D:6 Harold
D:8 1 runed translucent door, SpoonFarmer's ghost, novice OpCj


Innate Abilities, Weirdness & Mutations

You cannot wear most types of armour.
You are very stealthy in the water. (Stealth+)
((You are amphibious.))
You can wear up to eight rings at the same time.
((You can use your tentacles to constrict eight enemies at once.))
((Your skin changes colour to match your surroundings (Stealth+).))
((Your rubbery body absorbs attacks. (AC +1, EV +1)))


Message History

The killer bee stings you but does no damage.
You closely miss the killer bee. Your grab misses the killer bee.
You squeeze the killer bee.
The killer bee is almost dead.
* * * LOW HITPOINT WARNING * * *
You feel very sick. You block the killer bee's attack. x2
It was a potion of lignification.
You turn into a tree.
Your +2 hat of see invisible melds into your body.
You feel less perceptive.
Your roots penetrate the ground.
* * * LOW HITPOINT WARNING * * *
You feel sick.
The killer bee stings you but does no damage.
You block the killer bee's attack.
It was a potion of flight.
Your roots keep you in place.
* * * LOW HITPOINT WARNING * * *
You feel sick. You block the killer bee's attack.
The killer bee stings you but does no damage.
It was a potion of magic.
Magic courses through your body.
You die...

#[..## #...<# ##....# ###.#.# #
#.#.# ########### #
#.#.#################)........# #
#.#.##..............#.#######.# #
#.#.##.##.####y####.#.#######)#
###.#.##.##.# #♣# #...........#
....#.##.##.####.######.######..#
#####.##.##)##....<.......# #..#
# #.....))...#.######.#.####..#
## #.##.##)####.# #.#.##....# .##
#..........#.# #.#)).....#
#.###.##.........######..(#...#.#
#............#............#...#.#
#.#########..###########..#####.#


You could see a killer bee.

Vanquished Creatures
  Gastronok (D:8)
  Maggie (D:7)
  A hornet (D:8)
  Sigmund (D:2)
  A wyvern (D:8)
  A water moccasin (D:7)
  An orc warrior (D:8)
  2 ice beasts
  A phantom (D:2)
  A necrophage (D:8)
  A black bear (D:7)
  A sky beast (D:8)
  3 ogres
  A centaur (D:5)
  4 bullfrogs
  A killer bee (D:8)
  4 howler monkeys
  A hound (D:4)
  2 bullfrog skeletons
  2 orc priests
  Jessica (D:3)
  An iguana (D:5)
  Natasha (thrice) (D:3)
  2 orc wizards
  3 worker ants
  Terence (D:2)
  A hound skeleton (D:8)
  A hound zombie (D:3)
  12 mummies (Ossuary)
  A worker ant zombie (D:5)
  8 adders
  10 gnolls
  3 shadow imps
  An ooze (D:2)
  2 adder zombies
  An adder skeleton (D:8)
  7 worms
  4 dart slugs
  6 leopard geckos
  25 orcs
  5 giant cockroaches
  11 goblins
  5 hobgoblins
  9 jackals
  A quokka (D:5)
  3 ball pythons
  9 bats
  6 frilled lizards
  A gnoll skeleton (Ossuary)
  4 goblin skeletons (Ossuary)
  A jackal skeleton (D:4)
  8 kobolds
  A leopard gecko skeleton (D:6)
  3 orc skeletons (Ossuary)
  5 rats (D:2)
  11 rat skeletons (Ossuary)
  A spectral orc (D:3)
208 creatures vanquished.

Vanquished Creatures (others)
  27 plants (D:3)
27 creatures vanquished.

Grand Total: 235 creatures vanquished

Notes
Turn   | Place    | Note
-------+----------+-------------------------------------------
     0 | D:1      | Zeld the Octopode Fighter began the quest for the Orb.
     0 | D:1      | Reached XP level 1. HP: 16/16 MP: 1/1
    84 | D:1      | Reached XP level 2. HP: 21/21 MP: 2/2
   324 | D:1      | Reached XP level 3. HP: 5/26 MP: 3/3
  1523 | D:2      | Reached skill level 1 in Throwing
  1793 | D:2      | Noticed a phantom
  2187 | D:2      | Killed a phantom
  2188 | D:2      | Reached skill level 3 in Throwing
  2188 | D:2      | Reached XP level 4. HP: 15/31 MP: 4/4
  2188 | D:2      | Reached XP level 5. HP: 17/36 MP: 5/5
  2509 | D:2      | Noticed Sigmund
  2587 | D:2      | Killed Sigmund
  2588 | D:2      | Reached skill level 5 in Throwing
  2588 | D:2      | Reached XP level 6. HP: 38/42 MP: 6/6
  2649 | D:2      | Noticed Terence
  2656 | D:2      | Killed Terence
  2792 | D:2      | Found a shimmering blue altar of Sif Muna.
  3157 | D:3      | Reached skill level 6 in Throwing
  3157 | D:3      | Noticed Jessica
  3179 | D:3      | Killed Jessica
  3180 | D:3      | Reached XP level 7. HP: 36/46 MP: 7/7
  3422 | D:3      | Noticed Natasha
  3427 | D:3      | Killed Natasha
  3445 | D:3      | Noticed Natasha
  3453 | D:3      | Killed Natasha
  3789 | D:3      | Noticed Natasha
  3798 | D:3      | Killed Natasha
  4163 | D:3      | Found a basalt altar of Yredelemnul.
  4701 | D:4      | Found an ornate altar of the Wu Jian Council.
  4814 | D:4      | Found a sand-covered staircase.
  4820 | Ossuary  | Entered an ossuary
  6022 | D:4      | Reached XP level 8. HP: 44/54 MP: 8/8
  6718 | D:5      | Entered Level 5 of the Dungeon
  6794 | D:5      | Reached skill level 5 in Shields
  7250 | D:5      | Identified the Collected Works on Nocuous Battle Magic
  7419 | D:5      | Reached skill level 7 in Throwing
  7769 | D:5      | Found a staircase to the Ecumenical Temple.
  7779 | Temple   | Entered the Ecumenical Temple
  7832 | Temple   | Became a worshipper of Warmaster Okawaru
  8176 | D:6      | Reached skill level 8 in Throwing
  8631 | D:6      | Found a broken altar of Ashenzari.
  8643 | D:6      | Found a hazy altar of Hepliaklqana.
  8714 | D:6      | Found a shadowy altar of Dithmenos.
  8726 | D:6      | Found a sacrificial altar of Ru.
  9195 | D:7      | Noticed Harold
  9796 | D:7      | Reached XP level 9. HP: 41/60 MP: 9/9
 11007 | D:7      | Reached skill level 9 in Throwing
 11507 | D:7      | Noticed Maggie
 11524 | D:7      | Paralysed by Maggie for 5 turns
 11525 | D:7      | Killed Maggie
 11525 | D:7      | Reached * piety under Okawaru
 11526 | D:7      | Reached skill level 10 in Throwing
 11993 | D:8      | Noticed a hornet
 11998 | D:8      | Paralysed by a hornet for 1 turns
 11999 | D:8      | Killed a hornet
 12312 | D:8      | Found Jagix's Armour Shoppe.
 12406 | D:8      | Noticed Gastronok
 12864 | D:8      | Killed Gastronok
 12864 | D:8      | Reached ** piety under Okawaru
 12865 | D:8      | Reached skill level 12 in Throwing
 12865 | D:8      | Reached XP level 10. HP: 46/65 MP: 7/10
 13067 | D:8      | Found a stormy altar of Qazlal.
 13274 | D:8      | Found a runed translucent door.
 13274 | D:8      | Noticed SpoonFarmer's ghost (novice OpCj)
 13385 | D:8      | Reached *** piety under Okawaru
 13457 | D:8      | Found a glowing silver altar of Zin.
 13663 | D:9      | Noticed a brown ugly thing
 13678 | D:8      | HP: 2/65 [poisoned by a killer bee]
 13681 | D:8      | Succumbed to a killer bee's poison

Illustrated notes

Levels and vault maps discovered:
D:1:      sevenhm_arrival_forest_fort_small_6, layout_basic
D:2:      wander_river, layout_rooms, led_sif_pool, kennysheep_generic_room_12,
          uniq_sigmund, uniq_terence
D:3:      layout_basic, yredelemnul_forgotten_temple_becter, serial_bayou,
          serial_bayou_lagoon_b, serial_bayou_pond_c, serial_bayou_pond_c,
          serial_bayou_shore_a, serial_bayou_pond_d, minivault_23, uniq_jessica,
          uniq_natasha
D:4:      layout_basic, nzn_wu_jian_council_hall, enter_ossuary_2
D:5:      layout_rooms, minmay_temple_entry_mist, minmay_misc_feat_room
D:6:      layout_loops_corners, nicolae_overflow_quartered_altars
D:7:      layout_basic, uniq_harold, uniq_maggie
D:8:      layout_loops_ring, nicolae_qazlal_style_of_elements, zin_academy,
          serial_shops, shop_statue, gammafunk_ghost_grave, uniq_gastronok
D:9:      layout_irregular_city, grunt_lair_entry_orc_guard_hut,
          kennysheep_another_room, minmay_diced_spiral
Temple:   dshaligram_water_room_temple

Skill      XL: |  1  2  3  4  5  6  7  8  9 |
---------------+----------------------------+-----
Throwing       | 3 5 6 8 12 | 12.9
Axes           | 4 |  4.3
Fighting       | 4 |  4.9
Shields        | 4 5 |  5.0
Dodging        | |  3.0

Action                   |  1- 3 |  4- 6 |  7- 9 | 10-12 || total
-------------------------+-------+-------+-------+-------++-------
Melee: War axe           |    63 |    42 |   273 |    21 ||   399
       Constrict         |    17 |    13 |    84 |     5 ||   119
       Tentacles         |    15 |     5 |    76 |     7 ||   103
Throw: Dart              |       |    18 |    41 |    11 ||    70
       Javelin           |       |       |     8 |       ||     8
       Boomerang         |       |       |     3 |       ||     3
Invok: Heroism           |       |       |     1 |       ||     1
  Use: Potion            |     1 |       |     2 |     4 ||     7
       Scroll            |       |       |    15 |     1 ||    16
 Stab: Sleeping          |     4 |     1 |    11 |     1 ||    17
Armor: Skin              |     2 |     6 |     2 |     4 ||    14
Dodge: Dodged            |    22 |    24 |    93 |    13 ||   152
Block: Kite shield       |    28 |    18 |   111 |    30 ||   187
